Map: Moonlight Madness LE (Void)

Players

MetalManiac

  • Race: Protoss Protoss
  • League: Silver

wabbajack - Winner!

  • Race: Zerg Zerg
  • League: Gold

VOD

Have the link to the VOD?

Description

Time

  • Played on: July 18, 2015, 4:44 p.m.
  • Length: 13:23
Show
View Real Time Build Order
Export as new Build Order

MetalManiac Protoss 

Build Orders: Nexus First 

Get SALT Encoding   

  12  0:01  Probe  
  13  0:14  Pylon  
  13  0:18  Probe  
  14  0:32  Probe (Chrono Boost)  
  16  0:43  Probe (Chrono Boost)  
  16  0:58  Probe  
  17  1:04  Nexus  
  17  1:15  Gateway  
  17  1:20  Probe  
  17  1:24  Assimilator  
  18  1:32  Probe  
  19  1:38  Pylon  
  19  1:44  Probe  
  20  1:55  Assimilator  
  20  1:56  Probe  
  21  2:03  Cybernetics Core  
  22  2:08  Probe (Chrono Boost)  
  22  2:11  Zealot  
  23  2:20  Probe (Chrono Boost)  
  23  2:22  Probe (Chrono Boost)  
  25  2:26  Probe (Chrono Boost)  
  25  2:29  Probe  
  27  2:37  Probe  
  28  2:44  Stalker  
  28  2:49  Probe (Chrono Boost)  
  33  2:51  Mothership Core (Chrono Boost)  
  33  3:00  Probe (Chrono Boost)  
  34  3:08  Probe (Chrono Boost)  
  34  3:12  Probe (Chrono Boost)  
  36  3:18  Forge  
  36  3:19  Sentry (Chrono Boost)  
  37  3:23  Probe x2  
  39  3:31  Pylon  
  39  3:35  Probe x2  
  41  3:47  Probe x2  
  43  3:52  Protoss Ground Weapons Level 1  
  43  3:56  Photon Cannon  
  43  3:59  Probe x2  
  43  4:00  Stargate  
  43  4:01  Gateway  
  45  4:04  Gateway  
  45  4:11  Probe (Chrono Boost), Assimilator  
  45  4:12  Probe (Chrono Boost)  
  45  4:15  Pylon  
  45  4:16  Assimilator  
  47  4:20  Warp Gate (Chrono Boost)  
  47  4:23  Probe (Chrono Boost)  
  49  4:25  Probe (Chrono Boost)  
  49  4:34  Probe (Chrono Boost)  
  51  4:41  Probe (Chrono Boost)  
  51  4:43  Probe (Chrono Boost)  
  52  4:47  Probe, Oracle (Chrono Boost)  
  56  5:05  Probe x2  
  56  5:33  Pylon  
  56  5:34  Pylon  
  56  5:36  Pylon  
  56  5:51  Probe x2  
  58  6:00  Gateway  
  58  6:01  Gateway  
  58  6:03  Oracle  
  58  6:04  Gateway  
  61  6:09  Stalker  
  61  6:10  Stalker x2  
  67  6:17  Twilight Council  
  67  6:18  Pylon  
  67  6:20  Probe x2  
  69  6:32  Probe  
  70  6:39  Nexus, Pylon  
  70  6:44  Pylon x2  
  70  6:54  Probe x2, Pylon  
  72  7:05  Pylon  
  69  7:12  Stalker x2  
  69  7:13  Stalker  
  75  7:16  Void Ray  
  75  7:19  Photon Cannon  
  75  7:22  Probe x2, Photon Cannon  
  81  7:25  Photon Cannon  
  81  7:27  Photon Cannon  
  81  7:32  Stalker x3  
  81  7:33  Photon Cannon  
  81  7:34  Probe x2  
  89  7:39  Protoss Ground Weapons Level 2 (Chrono Boost)  
  89  7:46  Probe x2  
  91  8:01  Assimilator  
  91  8:04  Void Ray  
  95  8:05  Assimilator  
  95  8:08  Photon Cannon  
  95  8:10  Robotics Facility  
  95  8:11  Photon Cannon  
  95  8:14  Pylon  
  95  8:15  Gateway  
  95  8:17  Gateway  
  95  8:19  Pylon  
  95  8:29  Nexus  
  95  8:31  Pylon  
  95  8:32  Pylon  
  95  8:34  Stalker  
  95  8:35  Stalker x2  
  95  8:36  Stalker x2  
  95  8:41  Blink  
  105  8:45  Templar Archives  
  105  8:49  Assimilator  
  105  8:55  Assimilator  
  105  9:00  Observer (Chrono Boost)  
  106  9:08  Photon Cannon  
  106  9:11  Photon Cannon  
  106  9:12  Gateway  
  106  9:15  Gateway  
  106  9:17  Gateway  
  106  9:18  Probe x3  
  101  9:30  Probe  
  100  9:46  High Templar x3  
  100  9:47  High Templar x3  
  100  9:52  Stalker  
  114  10:08  Probe x4  
  118  10:19  Observer  
  118  10:20  Probe  
  120  10:22  High Templar x2  
  120  10:26  Zealot x6  
  120  10:27  Zealot x2  
  120  10:28  Zealot  
  142  10:38  Void Ray  
  142  10:39  Probe x3  
  149  10:52  Probe x4  
  148  11:04  Probe  
  146  11:17  High Templar x3  
  146  11:18  High Templar x2  
  152  11:56  Stalker x7  
  152  11:57  Stalker  
  152  11:58  Stalker x2  
  171  12:27  Stalker x6  
  183  12:32  Archon x2  
  141  12:46  Stalker x5  
  137  12:55  Archon  
  137  12:56  Archon x2  
  137  12:57  Archon  
Show
View Real Time Build Order
Export as new Build Order

wabbajack Zerg - Winner!

Build Orders: Hatch First, Lurkers 

Get SALT Encoding   

  12  0:01  Drone  
  13  0:13  Overlord  
  13  0:19  Drone  
  14  0:24  Drone, Extractor  
  15  0:43  Drone x2  
  17  0:57  Hatchery  
  16  1:19  Spawning Pool  
  16  1:20  Drone, Extractor  
  16  1:22  Drone  
  16  1:26  Drone  
  17  1:57  Overlord  
  17  1:58  Drone  
  18  2:07  Zergling x2  
  19  2:12  Queen  
  19  2:15  Queen  
  21  2:17  Zergling x2  
  21  2:22  Drone  
  25  2:28  Drone  
  26  2:32  Drone  
  26  2:33  Drone  
  26  2:34  Drone  
  29  2:47  Zergling x2  
  29  2:50  Metabolic Boost  
  30  3:37  Zergling x4  
  30  3:39  Zergling x8  
  36  3:43  Overlord x2  
  35  3:48  Lair  
  35  3:51  Roach Warren  
  35  3:53  Drone  
  35  3:54  Extractor  
  34  3:56  Drone  
  35  4:08  Drone x2  
  35  4:09  Drone  
  38  4:10  Evolution Chamber  
  38  4:16  Drone  
  38  4:20  Drone  
  38  4:21  Drone x4  
  43  4:25  Hatchery  
  42  4:40  Pneumatized Carapace  
  42  5:00  Spine Crawler  
  42  5:01  Overlord x2  
  42  5:06  Spore Crawler  
  40  5:08  Spine Crawler  
  40  5:12  Spore Crawler  
  40  5:13  Drone x6  
  40  5:14  Drone  
  45  5:17  Overlord  
  37  5:38  Zerg Ground Armor Level 1  
  37  5:42  Hydralisk Den  
  36  5:44  Drone x3  
  36  5:45  Drone x2, Extractor x2  
  36  5:47  Drone  
  36  5:48  Drone  
  36  5:49  Drone  
  42  5:52  Drone  
  42  5:53  Drone  
  42  5:55  Drone  
  45  5:57  Lurker Den  
  45  6:02  Drone  
  46  6:07  Drone x2  
  48  6:13  Glial Reconstitution  
  48  6:19  Queen  
  50  6:32  Baneling Nest, Drone  
  50  6:37  Hydralisk x4  
  50  6:39  Hydralisk  
  60  6:58  Drone  
  60  6:59  Drone  
  61  7:18  Extractor x2  
  59  7:23  Drone x3  
  59  7:24  Drone x3  
  59  7:25  Drone x3  
  59  7:26  Drone x3  
  71  7:31  Overlord  
  71  7:33  Spine Crawler x2  
  71  7:34  Spore Crawler  
  71  7:35  Spine Crawler  
  67  7:37  Spine Crawler, Muscular Augments  
  66  7:52  Lurker  
  66  7:53  Lurker x4  
  66  7:57  Drone x2  
  66  7:58  Drone x4  
  77  8:08  Zerg Ground Armor Level 2  
  77  8:19  Overlord x3, Spine Crawler  
  76  8:47  Hatchery  
  75  8:48  Overlord x2  
  75  8:52  Drone  
  75  8:53  Drone x7  
  75  8:55  Overlord  
  83  9:05  Overlord x2  
  83  9:07  Hydralisk  
  83  9:08  Hydralisk x4  
  93  9:14  Overseer  
  93  9:17  Overlord x2  
  93  9:28  Hydralisk  
  93  9:29  Hydralisk x4  
  103  9:44  Hydralisk x4, Roach  
  103  9:45  Roach x3  
  119  10:02  Queen  
  119  10:03  Drone  
  119  10:04  Drone x11  
  133  10:16  Spine Crawler  
  133  10:19  Drone  
  133  10:20  Drone x11  
  144  10:24  Extractor  
  144  10:25  Extractor  
  144  10:27  Spore Crawler  
  141  10:29  Spine Crawler  
  141  10:33  Spine Crawler  
  139  10:57  Overlord  
  139  10:58  Overlord x6  
  139  11:39  Infestation Pit  
  138  11:40  Spire  
  138  11:43  Evolution Chamber  
  138  11:46  Evolution Chamber, Spore Crawler  
  134  11:49  Hydralisk x5, Roach  
  134  11:50  Hydralisk x5, Roach x6  
  134  11:51  Roach x4  
  176  12:03  Lurker x2  
  176  12:04  Lurker x5  
  176  12:05  Lurker x2  
Tags
 
Add a new tag
Caveats
  • Supply blocks, unpowered buildings, or Contaminate may cause inaccurate times.
  • Supply counts are checked every 10 seconds.